 Dungeon Crawl Stone Soup version 0.19-a0-1672-g679cadd (webtiles) character file.

131 Ijustatesigmund the Magician (level 4, -5/24 HPs)
             Began as a Deep Elf Wizard on Sept 22, 2016.
             Slain by a killer bee (8 damage)
             ... on level 4 of the Dungeon.
             The game lasted 00:09:39 (1987 turns).

Ijustatesigmund the Magician (Deep Elf Wizard)      Turns: 1987, Time: 00:09:39

Health: -5/24      AC:  2    Str:  4    XL:     4   Next: 91%
Magic:  1/12       EV: 18    Int: 24    God:
Gold:   67         SH:  0    Dex: 18    Spells: 5 memorised, 0 levels left

rFire  . . .     SeeInvis .     l - +1 dagger (vamp)
rCold  . . .     Gourm    .     a - +0 robe
rNeg   + . .     Faith    .     (no shield)
rPois  .         Spirit   .     b - +0 hat
rElec  .         Dismiss  .     (no cloak)
rCorr  .         Reflect  .     (no gloves)
MR     .....     Harm     .     (no boots)
Stlth  +++.......               (no amulet)
                                e - ring of positive energy
                                g - +1 ring of slaying

@: agile, lethally poisoned (-5 -> -13), very slightly contaminated, repel
missiles
A: no striking features
a: no special abilities


You were on level 4 of the Dungeon.
You were not hungry.

You visited 1 branch of the dungeon, and saw 4 of its levels.

You collected 67 gold pieces.

Inventory:

Hand Weapons
 k - a +0 dagger
 l - a +1 vampiric dagger (weapon)
Armour
 a - a +0 robe (worn)
 b - a +0 hat (worn)
 i - a +0 buckler
Jewellery
 e - a ring of positive energy (right hand)
 g - a +1 ring of slaying (left hand)
Potions
 n - a potion of brilliance
 p - 2 potions of magic {unknown}
Books
 c - a book of Minor Magic

   Spells                             Type                      Level
   a - Magic Dart                     Conjuration                  1
   b - Blink                          Translocation                2
   c - Call Imp                       Summoning                    2
   d - Repel Missiles                 Charms/Air                   2
   e - Slow                           Hexes                        2
   f - Conjure Flame                  Conjuration/Fire             3
   g - Mephitic Cloud                 Conjuration/Poison/Air       3
Comestibles
 d - 3 bread rations
 j - a meat ration


   Skills:
 - Level 2.4 Dodging
 - Level 2.4 Stealth
 - Level 4.4 Spellcasting
 + Level 3.7 Conjurations
   Level 1.1 Summonings
 - Level 2.0 Translocations
 + Level 1.9 Air Magic
 + Level 1.8 Poison Magic


You couldn't memorise any spells.
You knew the following spells:

 Your Spells              Type           Power        Failure   Level  Hunger
a - Magic Dart            Conj           ###.         1%          1    None
b - Blink                 Tloc           N/A          8%          2    None
c - Repel Missiles        Chrm/Air       #.....       12%         2    None
d - Mephitic Cloud        Conj/Pois/Air  ###.....     12%         3    ##.....
e - Conjure Flame         Conj/Fire      ##......     17%         3    ##.....


Dungeon Overview and Level Annotations

Branches:
Dungeon (4/15)
 Temple: D:4-7

Altars:
Qazlal


Message History

Aim: a killer bee (moderately wounded)
You miscast Magic Dart.
You are very lightly contaminated with residual magic.
Nothing appears to happen.
* * * LOW HITPOINT WARNING * * *
You feel sick. The killer bee misses you. The killer bee barely misses you.
You hit the killer bee but do no damage.
The killer bee is moderately wounded.
* * * LOW HITPOINT WARNING * * *
You feel sick. The killer bee closely misses you.
The killer bee completely misses you.
You hit the killer bee but do no damage.
The killer bee is moderately wounded.
* * * LOW HITPOINT WARNING * * *
You feel sick. The killer bee barely misses you. The killer bee misses you.
You hit the killer bee.
You feel better.
The killer bee is heavily wounded.
* * * LOW HITPOINT WARNING * * *
You feel sick. The killer bee stings you!
You die...

.....
#######...
#........####
#...........
#.....!...#####
#.........#..<#
#....†....#.#.#
#....@y.......#
###########.###
#.# ..# ###. +


You could see a killer bee.

Vanquished Creatures
  A killer bee (D:3)
  4 adders (D:2)
  2 dart slugs (D:3)
  3 leopard geckos
  A ball python (D:3)
  6 bats
  5 hobgoblins
  2 jackals (D:3)
  4 kobolds
  A quokka (D:3)
  4 frilled lizards
  7 goblins
  9 rats
49 creatures vanquished.

Notes
Turn   | Place    | Note
-------+----------+-------------------------------------------
     0 | D:1      | Ijustatesigmund the Deep Elf Wizard began the quest for the Orb.
     0 | D:1      | Reached XP level 1. HP: 10/10 MP: 7/7
   174 | D:1      | Reached XP level 2. HP: 15/15 MP: 3/9
   178 | D:1      | Learned a level 2 spell: Blink
   181 | D:1      | Learned a level 2 spell: Repel Missiles
   729 | D:2      | Reached XP level 3. HP: 19/19 MP: 6/10
   994 | D:2      | Learned a level 3 spell: Mephitic Cloud
  1085 | D:2      | Reached skill level 1 in Air Magic
  1178 | D:2      | Found a stormy altar of Qazlal.
  1508 | D:2      | Reached skill level 1 in Poison Magic
  1508 | D:2      | Reached XP level 4. HP: 24/24 MP: 9/12
  1547 | D:2      | Found a faded altar of an unknown god.
  1569 | D:2      | Learned a level 3 spell: Conjure Flame
  1987 | D:4      | Slain by a killer bee

Vault maps used:
D:1:      dpeg_arrival_arbitrary_b
D:2:      lemuel_crystal_altar, first_bread, serial_forest,
          infiniplex_forest_lined_2, infiniplex_forest_clump_tiny,
          infiniplex_forest_lined_room_2, infiniplex_forest_join,
          infiniplex_forest_split, infiniplex_forest_clump_small,
          infiniplex_forest_straight_5, infiniplex_forest_straight_3,
          infiniplex_forest_straight_1, infiniplex_forest_zigzag_2,
          ecumenical_altar_1
D:3:      lemuel_doored_altar, hex_tiny
D:4:      kennysheep_mini, uniq_menkaure

Skill      XL: |  1  2  3 |
---------------+----------+-----
Conjurations   | 2 3 |  3.7
Translocations | 2 |  2.0
Air Magic      | 1 |  1.9
Poison Magic   | 1 |  1.8
Dodging        | |  2.4
Stealth        | |  2.4
Spellcasting   | |  4.4
Summonings     | |  1.1

Action                   |  1- 3 |  4- 6 || total
-------------------------+-------+-------++-------
Melee: Dagger            |     2 |    11 ||    13
 Cast: Magic Dart        |    74 |    24 ||    98
       Repel Missiles    |     1 |       ||     1
       Blink             |       |     5 ||     5
       Mephitic Cloud    |       |     2 ||     2
  Use: Scroll            |     6 |     4 ||    10
       Potion            |       |     4 ||     4
  Eat: Bread ration      |     1 |       ||     1
       Chunk             |     1 |     1 ||     2
       Royal jelly       |       |     1 ||     1
Dodge: Dodged            |     8 |    32 ||    40
       Deflected         |     1 |       ||     1
